 Dungeon Crawl Stone Soup version 0.27-a0-965-gbf8bb431c4 (webtiles) character file.

Game seed: 7987057893973008938

77 siradein the Chopper (level 4, 0/36 HPs)
             Began as a Demonspawn Chaos Knight on Apr 13, 2021.
             Was a Plaything of Xom.
             Slain by an orc priest
             ... wielding a +0 club
              (1 damage)
             ... on level 3 of the Dungeon.
             The game lasted 00:06:24 (1842 turns).

siradein the Chopper (Demonspawn Chaos Knight)      Turns: 1842, Time: 00:06:24

Health: 0/36       AC: 14    Str: 13    XL:     4   Next: 14%
Magic:  4/4        EV:  3    Int: 14    God:    Xom [..*...]
Gold:   101        SH:  0    Dex: 12    Spells: 3/3 levels left

rFire    . . .     SeeInvis .   j - +3 mace (freeze)
rCold    . . .     Faith    .   (no shield)
rNeg     . . .     Spirit   .   f - +0 plate armour
rPois    .         Reflect  .   (helmet restricted)
rElec    .         Harm     .   (no cloak)
rCorr    .         Rampage  .   (no gloves)
Will     .....                  h - +2 pair of boots
Stlth    ..........             (no amulet)
HPRegen  0.12/turn              (no ring)
MPRegen  0.09/turn              (no ring)

@: no status effects
A: antennae 2, rugged brown scales 1
a: Renounce Religion


You were on level 3 of the Dungeon.
You worshipped Xom.
You were a toy of Xom.
You visited 1 branch of the dungeon, and saw 3 of its levels.

You collected 101 gold pieces.

Inventory:

Hand Weapons
 j - a +3 mace of freezing (weapon)
Armour
 f - a +0 plate armour (worn)
 h - a +2 pair of boots (worn)
Scrolls
 e - a scroll of vulnerability {unknown}
 g - 2 scrolls of identify {unknown}
Potions
 a - a potion of lignification {unknown}
 i - a potion of haste {unknown}


   Skills:
 - Level 3.0 Fighting
 + Level 4.6 Axes
 - Level 1.7 Armour
 - Level 0.8 Dodging


You had 3 spell levels left.
You didn't know any spells.
Your spell library was empty.

Dungeon Overview and Level Annotations

Branches:
Dungeon (3/15)

Altars:
Vehumet


Innate Abilities, Weirdness & Mutations

You have a pair of antennae on your head.
You are partially covered in rugged brown scales. (AC +1, +3% HP)


Message History

No target in view!
No target in view!
No target in view!
No target in view!
You see here a rat corpse.
You now have 101 gold pieces (gained 14).
An endoplasm comes into view.
An endoplasm is nearby!
The endoplasm quivers.
You sock the endoplasm! You freeze the endoplasm.
You kill the endoplasm!
No target in view!
No target in view!
An orc priest comes into view. It is wielding a +0 club.
As you read the scroll labelled TIENED ZUIBB, it crumbles to dust.
Your body is wracked with pain!
The orc priest convulses!
It was a scroll of torment.
The orc priest mumbles some strange prayers to Beogh against you.
Beogh smites you!
* * * LOW HITPOINT WARNING * * *
You hear a shout!
You are too injured to fight recklessly!
An orc comes into view. It is wielding a +0 hand axe.
The orc shouts!
An orc comes into view. It is wielding a +0 short sword.
The orc priest hits you but does no damage.
You closely miss the orc priest.
The orc priest is heavily wounded.
An orc comes into view. It is wielding a +0 club.
The orc priest hits you with a +0 club.
* * * LOW HITPOINT WARNING * * *
The orc shouts!
You hit the orc priest. You freeze the orc priest.
The orc priest is almost dead.
The orc priest looks braver for a moment.
You closely miss the orc priest.
The orc priest is almost dead.
The orc priest looks encouraged for a moment.
The orc priest hits you with a +0 club.
You die...

###### #....# #....#
#....#
####....############
............@oo.oo..
##
####....#.##########
.#######....#.#
............#..
.##.....##.###.#
.##.....##.# ..
....(...##.# #.#
.........#.# .#
##†......#.# ..


You could see an orc priest and 3 orcs.

Vanquished Creatures
  An adder (D:3)
  A worm (D:2)
  4 dart slugs
  8 ball pythons
  3 endoplasms
  2 giant cockroaches
  2 goblins
  7 hobgoblins
  6 jackals
  3 quokkas
  3 bats
  A frilled lizard (D:1)
  6 kobolds
  3 rats
50 creatures vanquished.

Vanquished Creatures (others)
  2 withered plants (D:2)
2 creatures vanquished.

Grand Total: 52 creatures vanquished

Notes
Turn   | Place    | Note
-------+----------+-------------------------------------------
     0 | D:1      | siradein the Demonspawn Chaos Knight began the quest for
                  | the Orb.
     0 | D:1      | Reached XP level 1. HP: 18/18 MP: 1/1
   240 | D:1      | XOM: silly message
   329 | D:1      | Reached skill level 3 in Axes
   573 | D:1      | Gained mutation: You have a pair of small antennae on your
                  | head. [demonic ancestry]
   573 | D:1      | Reached XP level 2. HP: 23/24 MP: 2/2
   701 | D:1      | XOM: divination: magic mapping
   778 | D:1      | XOM: smoke on damage
   929 | D:1      | XOM: silly message
  1002 | D:1      | XOM: silly message
  1163 | D:2      | Gained mutation: You have a pair of antennae on your head.
                  | [demonic ancestry]
  1163 | D:2      | Reached XP level 3. HP: 27/29 MP: 3/3
  1166 | D:2      | XOM: silly message
  1183 | D:2      | Found a radiant altar of Vehumet.
  1229 | D:2      | Reached skill level 4 in Axes
  1434 | D:2      | Found a faded altar of an unknown god.
  1637 | D:3      | Gained mutation: You are partially covered in rugged brown
                  | scales. (AC +1, +3% HP) [demonic ancestry]
  1637 | D:3      | Reached XP level 4. HP: 23/36 MP: 4/4
  1840 | D:3      | HP: 1/36 [orc priest/+0 club (3)]
  1842 | D:3      | Slain by an orc priest

Illustrated notes

Levels and vault maps discovered:
D:1:      dpeg_arrival_castle, layout_loops_ring
D:2:      layout_rooms, basic_altar, ebering_ecumenical_altar_petrified
D:3:      layout_basic

Skill      XL: |  1  2  3 |
---------------+----------+-----
Axes           | 3 4 |  4.6
Fighting       | |  3.0
Armour         | |  1.7
Dodging        | |  0.8

Action                   |  1- 3 |  4- 6 || total
-------------------------+-------+-------++-------
Melee: Hand axe          |    82 |       ||    82
       Great mace        |     8 |       ||     8
       Mace              |    30 |    14 ||    44
  Use: Scroll            |     1 |     1 ||     2
Armor: Leather armour    |    15 |       ||    15
       Plate armour      |    77 |    11 ||    88
Dodge: Dodged            |    49 |     3 ||    52

Table legend: (Time is in decaauts)
 A = Elapsed time spent in this place.
 B = Non-inter-level travel time spent in this place.
 C = Inter-level travel time spent in this place.
 D = Time resting spent in this place.
 E = Time spent auto-exploring this place.
 F = Levels seen in this place.
 G = Mean time per level.
                   A        B        C        D        E       F      G
               +--------+--------+--------+--------+--------+-----+--------+
         Total |   1868 |   1855 |     13 |      0 |   1469 |   3 |  622.7 |
       Dungeon |   1868 |   1855 |     13 |      0 |   1469 |   3 |  622.7 |
               +--------+--------+--------+--------+--------+-----+--------+

Top non-repeatable levels by time:
     D:1: 1121 daAuts
     D:2: 523 daAuts
     D:3: 223 daAuts
